cohdb
Replays
Latest Replays
All Replays
Popular Replays
Top Player Replays
Match Explorer
How It Works
Community
CoH3 Stats
Reddit
Sign in to upload your games and track your stats! →
Sign in with Steam
Match 45272711
Unlisted
Match 45272711
Overview
Messages
Build Orders
End
Construct Barracks
Selects Advanced Infantry Battlegroup
Riflemen Squad
Riflemen Squad
Riflemen Squad
M1 Mortar Team
Infantry Support Center
Construct Weapon Support Center
Selects Convert to Ranger Squad
M1919 Machine Gun Team
Construct Medical Station
Bazooka Squad
Grenade Package
Improved M9 Bazooka Rockets
Selects Artillery Observers
Bazooka Squad
Selects Frontline Medical Station
Construct Motor Pool
Selects Infantry Assault
Infantry Assault
Bazooka Squad
Selects M2A1 105mm Howitzer Emplacement
Das Krokodil und sein Nilpferd
(502) Bad Gateway
0
0
Comments
sign in to comment!
No comments posted yet!